 Dungeon Crawl Stone Soup version 0.31-a0-210-gccc998df9b (webtiles) character file.

Game seed: 15014957485394082624

1619 qw the Cleaver (level 8, 1/1 HPs)
             Began as a Gargoyle Fighter on June 29, 2023.
             Quit the game on level 4 of the Dungeon.
             The game lasted 01:40:16 (38167 turns).

qw the Cleaver (Gargoyle Fighter)                  Turns: 38167, Time: 01:40:16

Health: 1/1        AC: 14    Str: 22    XL:     8   Next: 96%
Magic:  8/8        EV:  9    Int:  9    God:
Gold:   111        SH:  4    Dex:  9    Spells: 7/7 levels left

rFire   . . .        Y - +0 broad axe
rCold   . . .        c - +0 buckler
rNeg    + . .        b - +0 scale mail
rPois   inf          (no helmet)
rElec   +            k - +0 cloak
rCorr   .            e - +0 pair of gloves
SInv    .            (no boots)
Will    +....        (no amulet) Stlth
                     h - ring of willpower
HPRegen 0.20/turn    (no ring)
MPRegen 0.11/turn

%: no passive effects
@: no status effects
A: sickness immunity, AC +5, negative energy resistance 1, electricity
resistance, torment resistance 1, petrification resistance
a: no special abilities


You were on level 4 of the Dungeon.
You visited 2 branches of the dungeon, and saw 6 of its levels.

You collected 167 gold pieces.
You spent 56 gold pieces at shops.


Innate Abilities, Weirdness & Mutations

You are immune to sickness and miasma.
Your stone body is resilient. (AC +5)
You are immune to poison.
You resist negative energy. (rN+)
You are resistant to electric shocks. (rElec)
You are resistant to unholy torment.
You are immune to petrification.


   Skills:
 - Level 6.0 Fighting
 - Level 9.0 Axes
 - Level 1.5 Throwing
 - Level 3.2 Armour
 - Level 1.0 Dodging
 + Level 3.2 Shields


You had 7 spell levels left.
You didn't know any spells.
Your spell library was empty.

Inventory:

Hand Weapons
 f - a +0 flail of holy wrath
 Y - a +0 broad axe (weapon)
Missiles
 j - a boomerang (quivered)
Armour
 b - a +0 scale mail (worn)
 c - a +0 buckler (worn)
 e - a +0 pair of gloves (worn)
 k - a +0 cloak (worn)
Jewellery
 h - a ring of willpower (left hand)
 m - a ring of ice
Wands
 r - a wand of digging (5)
Scrolls
 a - a scroll of identify
Potions
 d - a potion of might
 g - 5 potions of curing
 i - 2 potions of enlightenment

Dungeon Overview and Level Annotations

Branches:
Dungeon (5/15)             Temple (1/1) D:4

Altars:
Ashenzari
Dithmenos
Elyvilon
Fedhas
Gozag
Hepliaklqana
Kikubaaqudgha
Makhleb
Nemelex Xobeh
Okawaru
Qazlal
Ru
Sif Muna
Trog
Uskayaw
Vehumet
Wu Jian
Yredelemnul
Zin
The Shining One

Shops:
D:5 (:

Annotations:
D:3 Pikel


Message History

Enter note:
Enter note:
Enter note:
Enter note:
Enter note:
Enter note:
Enter note:
Enter note:
Enter note:
Enter note:
Enter note:
Enter note:
Enter note:
Enter note:
Enter note:
Enter note:
Enter note:
Enter note:
Enter note:
Enter note:
Enter note:
Enter note:
Enter note:
Enter note:
Enter note:
Enter note:
Enter note:
Enter note:
Enter note:
Enter note: A mysterious force pulls you upwards.
The hatch slams shut behind you.
Done exploring.
Sorry, I don't know how to get there.
(D) Dungeon (T) Temple
Where to? (* - list waypoints, Enter - D:5 @ (x,y), ? - help)
What level of the Dungeon? (default 1, ? - help) Zot's power touches on you...
Buggy note passed: unknown note type HP restored.
Are you sure you want to abandon this character and quit the game? (Confirm with "yes".)

#.............#.#...#####.#
##.####.##...?............#
#.##..............########
#............#.####
####.#.#####.#.# ######<#.#
#.#.# .......#.# #.#.#
########.# #.#.# #######.##
#.#@# ##........# #.#.#
..........# #.#.#
.....####.####.#>#
####.............# #
###############


There were no monsters in sight!

Vanquished Creatures
  Grinder (D:4)
  Sigmund (D:5)
  Edmund (D:4)
  An ice beast (D:5)
  2 ogres (D:5)
  A black bear (D:5)
  A centaur (D:5)
  A phantom (D:5)
  4 lemures (D:3)
  Blork the orc (D:5)
  2 scorpions (D:5)
  A howler monkey (D:4)
  A hound (D:2)
  A jelly (D:3)
  An orc priest (D:4)
  A sleepcap (D:5)
  An iguana (D:5)
  Natasha (twice) (D:3)
  4 gnolls (D:2)
  10 adders
  A white imp (D:5)
  An ufetubus (D:5)
  2 worms
  4 orcs (D:4)
  8 ball pythons
  9 endoplasms
  6 giant cockroaches
  9 goblins
  5 hobgoblins
  6 jackals
  6 quokkas
  4 bats
  5 frilled lizards
  10 kobolds
  9 rats
123 creatures vanquished.

Notes
Turn   | Place    | Note
-------+----------+-------------------------------------------
     0 | D:1      | qw the Gargoyle Fighter began the quest for the Orb.
     0 | D:1      | Reached XP level 1. HP: 14/14 MP: 1/1
     0 | D:1      | 0 ||| qw: Version: 0.3-a-24-ga2abf7b
     0 | D:1      | 0 ||| qw: Game counter: 6964
     0 | D:1      | 0 ||| qw: Melee chars always use a shield: true
     0 | D:1      | 0 ||| qw: God list: Okawaru
     0 | D:1      | 0 ||| qw: Allow faded altars: false
     0 | D:1      | 0 ||| qw: Do Orc after clearing Dungeon:15 true
     0 | D:1      | 0 ||| qw: Do second Lair branch before Depths: true
     0 | D:1      | 0 ||| qw: Lair rune preference: random
     0 | D:1      | 0 ||| qw: Goals: Normal, Zot:1-4, Slime:5, God:TSO, Crypt,
                  | Tomb, Abyss, Pan, Hells, Win
     0 | D:1      | 0 ||| PLANNING D:1-11
    65 | D:1      | Reached skill level 2 in Axes
    71 | D:1      | Reached XP level 2. HP: 18/19 MP: 2/2
   215 | D:1      | 215 ||| Stepping ~*~*~tactically~*~*~ (stealth).
   216 | D:1      | 216 ||| Stepping ~*~*~tactically~*~*~ (stealth).
   301 | D:1      | Reached skill level 3 in Axes
   464 | D:1      | Reached XP level 3. HP: 23/23 MP: 3/3
   553 | D:1      | 553 ||| READING scroll labelled YROABIRESY.
   554 | D:1      | 554 ||| READING scroll labelled EJEUJA BOQEA.
   555 | D:1      | 555 ||| READING scroll labelled YTEUBB FOUDO.
   556 | D:1      | 556 ||| READING scroll labelled OSCHI QITEH.
   557 | D:1      | 557 ||| DRINKING 3 viscous sapphire potions.
   604 | D:2      | 604 ||| Stepping ~*~*~tactically~*~*~ (hiding).
   839 | D:2      | 839 ||| Stepping ~*~*~tactically~*~*~ (stealth).
   841 | D:2      | 841 ||| Stepping ~*~*~tactically~*~*~ (stealth).
   863 | D:2      | 863 ||| Stepping ~*~*~tactically~*~*~ (stealth).
   865 | D:2      | 865 ||| Stepping ~*~*~tactically~*~*~ (stealth).
   882 | D:2      | 882 ||| Stepping ~*~*~tactically~*~*~ (stealth).
   907 | D:2      | Reached skill level 4 in Axes
   907 | D:2      | Reached XP level 4. HP: 25/28 MP: 4/4
   984 | D:2      | 984 ||| DROPPING +0 club.
  1062 | D:2      | 1062 ||| Stepping ~*~*~tactically~*~*~ (hiding).
  1063 | D:2      | 1063 ||| Stepping ~*~*~tactically~*~*~ (hiding).
  1072 | D:2      | Reached XP level 5. HP: 24/32 MP: 5/5
  1082 | D:2      | HP: 5/32 [gnoll/+0 spear (4)]
  1087 | D:2      | HP: 1/32 [worm (4)]
  1212 | D:2      | 1212 ||| DROPPING +0 whip.
  1301 | D:2      | Reached skill level 5 in Axes
  1497 | D:2      | 1497 ||| READING 2 scrolls labelled ISKECU ETEXOF.
  1500 | D:2      | 1500 ||| READING scroll labelled EMAOWE QOSI.
  1501 | D:2      | 1501 ||| DRINKING 3 yellow potions.
  1711 | D:3      | Noticed Natasha
  1715 | D:3      | Killed Natasha
  1716 | D:3      | Reached skill level 1 in Dodging
  1716 | D:3      | Reached XP level 6. HP: 34/38 MP: 6/6
  2062 | D:3      | Noticed Natasha
  2063 | D:3      | 2063 ||| Stepping ~*~*~tactically~*~*~ (stealth).
  2064 | D:3      | 2064 ||| Stepping ~*~*~tactically~*~*~ (stealth).
  2066 | D:3      | 2066 ||| Stepping ~*~*~tactically~*~*~ (hiding).
  2074 | D:3      | Killed Natasha
  2138 | D:3      | 2138 ||| DROPPING +3 whip.
  2170 | D:3      | 2170 ||| DROPPING scarf of shadows.
  2171 | D:3      | 2171 ||| UPGRADING to ring of willpower.
  2172 | D:3      | 2172 ||| READING scroll labelled EJEDIS ACWYTEU.
  2208 | D:4      | Found a staircase to the Ecumenical Temple.
  2210 | D:4      | 2210 ||| PLANNING TEMPLE
  2220 | D:4      | Noticed Grinder
  2221 | D:4      | Paralysed by Grinder for 2 turns
  2235 | D:4      | Paralysed by Grinder for 3 turns
  2244 | D:4      | Killed Grinder
  2245 | D:4      | Reached skill level 6 in Axes
  2245 | D:4      | Reached XP level 7. HP: 16/43 MP: 7/7
  2254 | D:4      | 2254 ||| Stepping ~*~*~tactically~*~*~ (stealth).
  2257 | D:4      | 2257 ||| Stepping ~*~*~tactically~*~*~ (stealth).
  2271 | D:4      | 2271 ||| Stepping ~*~*~tactically~*~*~ (stealth).
  2281 | D:4      | 2281 ||| FLEEEEING.
  2282 | D:4      | 2282 ||| FLEEEEING.
  2283 | D:4      | 2283 ||| FLEEEEING.
  2284 | D:4      | 2284 ||| FLEEEEING.
  2285 | D:4      | 2285 ||| FLEEEEING.
  2286 | D:4      | 2286 ||| FLEEEEING.
  2286 | D:4      | Noticed Pikel
  2287 | D:4      | 2287 ||| FLEEEEING.
  2288 | D:4      | 2288 ||| STAIRDANCE
  2346 | D:4      | 2346 ||| STAIRDANCE
  2358 | D:4      | 2358 ||| STAIRDANCE
  2365 | D:4      | 2365 ||| STAIRDANCE
  2374 | D:4      | 2374 ||| STAIRDANCE
  2386 | D:3      | HP: 9/43 [Pikel/+0 whip of freezing (5)]
  2387 | D:3      | 2387 ||| READING scroll of teleportation.
  2540 | D:4      | 2540 ||| STAIRDANCE
  2597 | D:4      | 2597 ||| STAIRDANCE
  2601 | D:4      | 2601 ||| STAIRDANCE
  2695 | Temple   | Entered the Ecumenical Temple
  2732 | Temple   | 2732 ||| PLANNING D:1-11
  2857 | D:4      | Found a hazy altar of Hepliaklqana.
  2861 | D:4      | Found a bloodstained altar of Trog.
  2861 | D:4      | Found a sparkling altar of Nemelex Xobeh.
  2861 | D:4      | Found a sacrificial altar of Ru.
  2864 | D:4      | Found a basalt altar of Yredelemnul.
  2954 | D:4      | Noticed Edmund
  2955 | D:4      | 2955 ||| Stepping ~*~*~tactically~*~*~ (stealth).
  2993 | D:4      | 2993 ||| FLEEEEING.
  3140 | D:4      | HP: 9/43 [Edmund/+0 flail of holy wrath (5)]
  3140 | D:4      | HP: 4/43 [Edmund/+0 flail of holy wrath (5)]
  3143 | D:4      | Killed Edmund
  3144 | D:4      | Reached skill level 7 in Axes
  3200 | D:4      | 3200 ||| FLEEEEING.
  3201 | D:4      | 3201 ||| FLEEEEING.
  3202 | D:4      | 3202 ||| FLEEEEING.
  3203 | D:4      | 3203 ||| FLEEEEING.
  3204 | D:4      | 3204 ||| FLEEEEING.
  3205 | D:4      | 3205 ||| FLEEEEING.
  3207 | D:4      | 3207 ||| FLEEEEING.
  3208 | D:4      | 3208 ||| FLEEEEING.
  3209 | D:4      | 3209 ||| FLEEEEING.
  3210 | D:4      | 3210 ||| FLEEEEING.
  3212 | D:4      | 3212 ||| FLEEEEING.
  3214 | D:4      | 3214 ||| FLEEEEING.
  3215 | D:4      | 3215 ||| FLEEEEING.
  3216 | D:4      | 3216 ||| FLEEEEING.
  3217 | D:4      | 3217 ||| FLEEEEING.
  3218 | D:4      | 3218 ||| FLEEEEING.
  3221 | D:4      | 3221 ||| FLEEEEING.
  3222 | D:4      | 3222 ||| FLEEEEING.
  3223 | D:4      | 3223 ||| FLEEEEING.
  3224 | D:4      | 3224 ||| FLEEEEING.
  3225 | D:4      | 3225 ||| FLEEEEING.
  3226 | D:4      | 3226 ||| FLEEEEING.
  3227 | D:4      | 3227 ||| FLEEEEING.
  3228 | D:4      | 3228 ||| FLEEEEING.
  3229 | D:4      | 3229 ||| FLEEEEING.
  3230 | D:4      | 3230 ||| FLEEEEING.
  3231 | D:4      | 3231 ||| STAIRDANCE
  3290 | D:3      | 3290 ||| UPGRADING to +0 pair of gloves.
  3295 | D:3      | 3295 ||| READING 2 scrolls of identify.
  3295 | D:3      | 3295 ||| IDENTIFYING fizzy coppery potion
  3296 | D:3      | 3296 ||| DROPPING potion of degeneration.
  3299 | D:4      | 3299 ||| STAIRDANCE
  3373 | D:4      | 3373 ||| DROPPING +0 mace.
  3661 | D:4      | 3661 ||| UPGRADING to +0 cloak.
  3685 | D:5      | Entered Level 5 of the Dungeon
  3705 | D:5      | Found Gantau's Weapon Shop.
  3720 | D:5      | 3720 ||| BUYING +0 broad axe (56 gold).
  3720 | D:5      | Bought a +0 broad axe for 56 gold pieces
  3720 | D:5      | 3720 ||| SWAPPING to +0 broad axe.
  3721 | D:5      | 3721 ||| DROPPING +0 war axe.
  3810 | D:5      | Found Beczutwi's Tiny Tomes.
  4055 | D:5      | Noticed Blork the orc
  4056 | D:5      | 4056 ||| Stepping ~*~*~tactically~*~*~ (hiding).
  4057 | D:5      | 4057 ||| Stepping ~*~*~tactically~*~*~ (hiding).
  4063 | D:5      | Killed Blork the orc
  4064 | D:5      | Reached skill level 1 in Throwing
  4064 | D:5      | Reached XP level 8. HP: 49/49 MP: 8/8
  4083 | D:5      | 4083 ||| Stepping ~*~*~tactically~*~*~ (stealth).
  4095 | D:5      | Found an iron altar of Okawaru.
  4096 | D:5      | 4096 ||| PLANNING OKAWARU WORSHIP
  4184 | D:5      | Noticed Sigmund
  4190 | D:5      | Killed Sigmund
  4191 | D:5      | Reached skill level 8 in Axes
  4398 | D:5      | Reached skill level 6 in Fighting
  4405 | D:5      | Found a glowing golden altar of the Shining One.
  4590 | D:5      | 4590 ||| Stepping ~*~*~tactically~*~*~ (stealth).
  4772 | D:5      | Reached skill level 9 in Axes
  4781 | D:5      | 4781 ||| READING scroll labelled MAEQUGHUCLA.
  4782 | D:5      | 4782 ||| READING 4 scrolls of identify.
  4782 | D:5      | 4782 ||| IDENTIFYING amethyst potion
  4783 | D:5      | 4783 ||| READING 3 scrolls of identify.
  4783 | D:5      | 4783 ||| IDENTIFYING purple potion
  4784 | D:5      | 4784 ||| READING 2 scrolls of identify.
  4784 | D:5      | 4784 ||| IDENTIFYING glowing pink potion
  4785 | D:5      | 4785 ||| DROPPING potion of brilliance.
  4786 | D:5      | 4786 ||| DROPPING potion of invisibility.
  4787 | D:5      | 4787 ||| DROPPING potion of berserk rage.
 28381 | D:5      | Glimpsed the power of Zot.
 28870 | D:5      | Glimpsed the power of Zot.
 29261 | D:5      | Glimpsed the power of Zot.
 29359 | D:5      | Touched by the power of Zot (MHP 51 -> 40)
 29360 | D:5      | Glimpsed the power of Zot.
 29849 | D:5      | Glimpsed the power of Zot.
 30241 | D:5      | Glimpsed the power of Zot.
 30338 | D:4      | Touched by the power of Zot (MHP 42 -> 32)
 30339 | D:4      | Glimpsed the power of Zot.
 30828 | D:4      | Glimpsed the power of Zot.
 31219 | D:5      | Glimpsed the power of Zot.
 31317 | D:5      | Touched by the power of Zot (MHP 34 -> 26)
 31318 | D:5      | Glimpsed the power of Zot.
 31807 | D:5      | Glimpsed the power of Zot.
 32198 | D:5      | Glimpsed the power of Zot.
 32295 | D:5      | Touched by the power of Zot (MHP 28 -> 21)
 32296 | D:5      | Glimpsed the power of Zot.
 32785 | D:5      | Glimpsed the power of Zot.
 33176 | D:5      | Glimpsed the power of Zot.
 33273 | D:5      | Touched by the power of Zot (MHP 22 -> 16)
 33274 | D:5      | Glimpsed the power of Zot.
 33763 | D:5      | Glimpsed the power of Zot.
 34155 | D:5      | Glimpsed the power of Zot.
 34252 | D:4      | Touched by the power of Zot (MHP 17 -> 12)
 34253 | D:4      | Glimpsed the power of Zot.
 34742 | D:4      | Glimpsed the power of Zot.
 35133 | D:5      | Glimpsed the power of Zot.
 35231 | D:5      | Touched by the power of Zot (MHP 13 -> 8)
 35232 | D:5      | Glimpsed the power of Zot.
 35721 | D:5      | Glimpsed the power of Zot.
 36112 | D:5      | Glimpsed the power of Zot.
 36209 | D:5      | Touched by the power of Zot (MHP 9 -> 5)
 36210 | D:5      | Glimpsed the power of Zot.
 36699 | D:5      | Glimpsed the power of Zot.
 37090 | D:4      | Glimpsed the power of Zot.
 37187 | D:5      | Touched by the power of Zot (MHP 6 -> 2)
 37188 | D:5      | Glimpsed the power of Zot.
 37677 | D:5      | Glimpsed the power of Zot.
 38069 | D:5      | Glimpsed the power of Zot.
 38166 | D:4      | Touched by the power of Zot (MHP 3 -> 1)
 38167 | D:4      | Quit the game

Levels and vault maps discovered:
D:1:      nzn_arrival_depleted_hourglass, layout_rooms
D:2:      minmay_spotlight, layout_basic
D:3:      layout_loops_ring, minivault_23, uniq_natasha
D:4:      layout_loops_ring, minitemple, minmay_temple_entry_grid,
          grunt_decor_junction, uniq_pikel, uniq_grinder, uniq_edmund
D:5:      kb_forest_paths, layout_basic, nicolae_overflow_hidden_temple,
          nicolae_tso_swordbearing_angel, serial_shops, shop_statue,
          nicolae_shop_i_like_small_books_too, chequers_serial_rivers_micro_b,
          uniq_sigmund, uniq_blork_the_orc
Temple:   nicolae_temple_ecumenical_triangle

Skill      XL: |  1  2  3  4  5  6  7  8 |
---------------+-------------------------+-----
Axes           | 2 3 4 5 6 7 9 |  9.0
Fighting       | 4 5 6 |  6.0
Dodging        | 1 |  1.0
Throwing       | 1 |  1.5
Armour         | |  3.2
Shields        | |  3.2

Action                     |  1- 3 |  4- 6 |  7- 9 || total
---------------------------+-------+-------+-------++-------
  Melee: War axe           |    70 |   145 |   115 ||   330
         Broad axe         |       |       |    76 ||    76
  Throw: Boomerang         |    38 |     2 |    43 ||    83
    Use: Scroll            |     4 |     3 |     6 ||    13
         Potion            |     1 |     1 |       ||     2
 Armour: Scale mail        |    49 |    75 |   107 ||   231
  Dodge: Dodged            |    38 |    67 |    84 ||   189
  Block: Buckler           |    13 |    22 |    31 ||    66

Table legend:
 A = Non-vault XP
 B = Vault XP
 C = Vault XP percentage of total XP
 D = Non-vault monster count
 E = Vault monster count
 F = Vault count percentage of total count
                 A         B        C        D         E       F
            +---------+---------+-------+---------+---------+-------
      Total |     999 |    1315 |  56.8 |     102 |      17 |  14.3
            +---------+---------+-------+---------+---------+-------
        D:1 |      38 |       0 |   0.0 |      24 |       0 |   0.0
        D:2 |     179 |      11 |   5.8 |      30 |       6 |  16.7
        D:3 |     157 |      35 |  18.2 |      24 |       1 |   4.0
        D:4 |     135 |     443 |  76.6 |      13 |       2 |  13.3
        D:5 |     490 |     826 |  62.8 |      11 |       8 |  42.1
            +---------+---------+-------+---------+---------+-------
